 Dungeon Crawl Stone Soup version 0.24.0-1-gfbc8707122 (webtiles) character file.

Game seed: 16398057692832745187, levelgen mode: deterministic

175 BorisKarlOrff the Skirmisher (level 5, -8/48 HPs)
             Began as a Minotaur Chaos Knight on Oct 26, 2019.
             Was a Plaything of Xom.
             Mangled by a gnoll
             ... wielding a +0 halberd
              (10 damage)
             ... on level 4 of the Dungeon.
             The game lasted 00:04:42 (1710 turns).

BorisKarlOrff the Skirmisher (MiCK)                 Turns: 1710, Time: 00:04:44

Health: -8/48      AC:  6    Str: 17    XL:     5   Next: 29%
Magic:  4/4        EV: 11    Int: 14    God:    Xom [..*...]
Gold:   117        SH:  3    Dex: 10    Spells: 4/4 levels left

rFire    . . .     SeeInvis .   a - +1 mace (chaos)
rCold    . . .     Gourm    .   v - +0 buckler
rNeg     + . .     Faith    .   b - +2 leather armour
rPois    .         Spirit   .   (helmet restricted)
rElec    .         Reflect  .   (no cloak)
rCorr    .         Harm     .   (no gloves)
MR       .....                  k - +0 pair of boots
Stlth    +.........             (no amulet)
HPRegen  0.16/turn              j - +5 ring of intelligence
MPRegen  0.09/turn              p - ring of positive energy

@: no status effects
A: retaliatory headbutt, horns 2
a: Renounce Religion


You were on level 4 of the Dungeon.
You worshipped Xom.
You were a toy of Xom.
You were not hungry.

You visited 1 branch of the dungeon, and saw 4 of its levels.

You collected 117 gold pieces.

Inventory:

Hand Weapons
 a - a +1 mace of chaos (weapon)
Armour
 b - a +2 leather armour (worn)
 k - a +0 pair of boots (worn)
 v - a +0 buckler (worn)
Jewellery
 j - a +5 ring of intelligence (left hand)
 n - an uncursed ring of stealth
 p - a ring of positive energy (right hand)
 s - a cursed -2 ring of intelligence
Scrolls
 g - 2 scrolls of amnesia
 m - a scroll of teleportation {unknown}
 q - 2 scrolls of immolation {unknown}
 r - a scroll of blinking {unknown}
 t - 3 scrolls of identify {unknown}
 u - a scroll of magic mapping {unknown}
Potions
 d - 3 potions of curing
 e - a potion of heal wounds {unknown}
 f - 3 potions of cancellation {unknown}
 h - 2 potions of degeneration {unknown}
 i - 3 potions of brilliance {unknown}
 l - 2 potions of flight {unknown}
 o - a potion of might {unknown}
Comestibles
 c - 5 rations


   Skills:
 + Level 5.2 Fighting
 + Level 5.0 Maces & Flails
 + Level 3.1 Armour
 + Level 2.6 Dodging
 + Level 0.3 Stealth


You had 4 spell levels left.
You didn't know any spells.
Your spell library was empty.

Dungeon Overview and Level Annotations

Branches:
Dungeon (4/15)
 Temple: D:4-7

Altars:
Dithmenos


Innate Abilities, Weirdness & Mutations

You reflexively headbutt those who attack you in melee.
You have a pair of horns on your head.


Message History

You headbutt the gnoll, but do no damage.
You block the gnoll's attack.
You completely miss the gnoll.
The gnoll is severely wounded.
The orc hits you but does no damage.
Okay, then.
Okay, then.
It was a potion of curing.
You feel better.
Xom thinks this is hilarious!
The gnoll hits you with a +0 whip.
The gnoll hits you from afar with a +0 halberd!
* * * LOW HITPOINT WARNING * * *
You feel better.
The orc priest calls down the wrath of Beogh upon you.
Beogh smites you!
* * * LOW HITPOINT WARNING * * *
The gnoll closely misses you.
The gnoll hits you from afar with a +0 halberd!
You die...
Xom giggles madly!

..........#....##....#'#+#+#.+..
..............###.....†......#..
#.............###............+..
...............##............#..
#########......##...............
,,,,,* #.......#..##...........
***** * #.....#.#..,+.........##
,* #.....#.##.*#.........# ,
#.....#@.#, #.........# ,,
#.....##g# ..........## ,
**#.....##goo.o......... ,*,, ,
.....#*##o............., + * **
*, , ,.>.....,,, ,, , , * , ,*
.......,,,,,,,, * * * *,.......,
** , * ,* ......., , + ** *, ,
*#......, ,


You could see an orc priest, an orc wizard, 2 gnolls and an orc.

Vanquished Creatures
  A hound (D:4)
  An orc wizard (D:3)
  4 adders
  A shadow imp (D:4)
  2 oozes
  2 worms (D:3)
  A dart slug (D:2)
  2 leopard geckos
  3 orcs (D:3)
  4 bats (D:1)
  2 giant cockroaches (D:3)
  4 goblins
  6 hobgoblins
  4 jackals (D:2)
  3 kobolds
  3 quokkas
  3 frilled lizards
  5 rats
51 creatures vanquished.

Vanquished Creatures (others)
  A goblin (D:2)
1 creature vanquished.

Grand Total: 52 creatures vanquished

Notes
Turn   | Place    | Note
-------+----------+-------------------------------------------
     0 | D:1      | BorisKarlOrff the Minotaur Chaos Knight began the quest for
                  | the Orb.
     0 | D:1      | Reached XP level 1. HP: 19/19 MP: 0/0
    86 | D:1      | Reached XP level 2. HP: 15/27 MP: 1/1
   192 | D:1      | XOM: harmless Fire miscast
   534 | D:2      | XOM: harmless Hex miscast
   574 | D:2      | Reached XP level 3. HP: 27/34 MP: 2/2
   730 | D:2      | You fall into a shaft and drop 1 floor!
   746 | D:3      | Reached skill level 5 in Fighting
   746 | D:3      | Reached XP level 4. HP: 33/42 MP: 3/3
   943 | D:3      | Found a shadowy altar of Dithmenos.
   952 | D:3      | XOM: harmless Tloc miscast
  1407 | D:3      | XOM: noise
  1530 | D:3      | XOM: silly message
  1696 | D:4      | Reached XP level 5. HP: 29/48 MP: 4/4
  1700 | D:4      | XOM: divination: magic mapping
  1703 | D:4      | Reached skill level 5 in Maces & Flails
  1710 | D:4      | HP: 2/48 [orc priest/divine providence (15)]
  1710 | D:4      | Mangled by a gnoll

Levels and vault maps discovered:
D:1:      lemuel_arrival_behind_the_door_large, layout_basic
D:2:      layout_loops_cross, chequers_ecumenical_altar_island
D:3:      layout_loops_corners, grunt_dithmenos_smoke, minmay_pentangle
D:4:      layout_basic

Skill      XL: |  1  2  3  4  5 |
---------------+----------------+-----
Fighting       | 4 5 |  5.2
Maces & Flails | 4 5 |  5.0
Dodging        | 2 |  2.6
Armour         | 3 |  3.1
Stealth        | |  0.3

Action                   |  1- 3 |  4- 6 || total
-------------------------+-------+-------++-------
Melee: Mace              |    72 |    48 ||   120
       Headbutt          |     7 |     9 ||    16
  Use: Scroll            |     3 |       ||     3
       Potion            |       |     2 ||     2
 Stab: Sleeping          |       |     1 ||     1
  Eat: Ration            |       |     1 ||     1
Armor: Leather armour    |    49 |    18 ||    67
Dodge: Dodged            |    48 |    43 ||    91
Block: Buckler           |       |     1 ||     1
